 Dungeon Sprint DCSS version 0.22-a0-834-g05cf915 (webtiles) character file.

1737 Dancorps13 the Fighter (level 8, -10/81 (83) HPs)
             Began as a Minotaur Fighter on July 25, 2018.
             Mangled by a harpy (15 damage)
             ... summoned by Kirke
             ... in the Dungeon (Sprint II: "The Violet Keep of Menkaure").
             The game lasted 00:07:15 (578 turns).

Dancorps13 the Fighter (Minotaur Fighter)            Turns: 578, Time: 00:07:16

HP:   -10/81 (83)   AC:  0    Str: 24    XL:     8   Next: 76%
MP:   7/7           EV: 13    Int:  5    God:
Gold: 702           SH:  4    Dex:  9    Spells: 7/7 levels left

rFire    . . .     SeeInvis .   (weapon currently unavailable)
rCold    . . .     Gourm    .   (shield currently unavailable)
rNeg     . . .     Faith    .   (armour currently unavailable)
rPois    .         Spirit   .   (helmet currently unavailable)
rElec    .         Reflect  +   (cloak currently unavailable)
rCorr    .         Harm     .   (gloves currently unavailable)
MR       .....     NoTele   +   (boots currently unavailable)
Stlth    +.........             l - +4 amulet of reflection
HPRegen  0.23/turn              (ring currently unavailable)
MPRegen  0.10/turn              (ring currently unavailable)

@: pig-form, very quick
A: small, (retaliatory headbutt), subdued magic 1
a: no special abilities


You were in the Dungeon.
You were not hungry.
You were a filthy swine.
You visited 1 branch You collected 972 gold pieces.
You spent 270 gold pieces at shops.

Inventory:

Hand Weapons
 a - a +0 war axe (melded)
Armour
 b - a +0 scale mail (melded)
 c - a +0 shield (melded)
Jewellery
 l - a +4 amulet of reflection (around neck)
Scrolls
 k - a scroll of blinking
Potions
 d - a potion of might
 e - a potion of curing
 g - a potion of heal wounds
 h - a potion of haste
 i - 2 potions of magic
 j - a potion of berserk rage
Comestibles
 f - a ration


   Skills:
 + Level 12.1 Fighting
 + Level 11.8 Axes
 + Level 12.1 Armour
 + Level 12.1 Shields


You had 7 spell levels left.
You didn't know any spells.
Your spell library was empty.

Dungeon Overview and Level Annotations

Branches:
Dungeon (1/1)

Altars:

Shops:
D }=:?(=:[[!!:[%==

Annotations:
D exclusion: oklob plant, Kirke, Roxanne


Innate Abilities, Weirdness & Mutations

((You reflexively headbutt those who attack you in melee.))
((You have a pair of horns on your head.))
((Your flesh is heat resistant. (rF+)))
Your spells are a little easier to cast, but a little less powerful.


Message History

Kirke is lightly wounded.
You slash Kirke! Your headbutt misses Kirke.
Kirke is moderately wounded.
Kirke hits you!
* * * LOW HITPOINT WARNING * * *
You slash Kirke! You headbutt Kirke!
Kirke is heavily wounded.
Kirke gestures at you while chanting.
You turn into a filthy swine.
Your +0 war axe melds into your body.
Your +0 shield melds into your body.
Your +0 scale mail melds into your body.
Kirke gestures wildly while chanting.
Kirke summons some harpies!
The harpy screeches!
There is an open door here.
The harpy barely misses you. The harpy claws you!
* * * LOW HITPOINT WARNING * * *
The harpy screeches!
The harpy claws you!
You die...

##########≈≈#+++#+++##
#########≈≈≈.........#
........#≈≈≈≈.##'##..#
....⌠...#)K≈≈###..##.####
...∩.∩..#≈{≈≈#.##..#....#
..∩.∩.∩.#≈≈####.#.####..##
.∩.∩.∩.∩#K##.###'###.##..#
∩.∩...∩.#≈#.@H##.##.#.#..#
.∩.....∩'Y'.##HHh.'.##+..###
∩.......#≈#.K.##.##..##....###.
▓▓▓▓▓▓###≈##.###'###.##.....§§≈
aHH######≈≈#####†#####≈≈.....≈#
$aH#J. ##≈≈≈#..#..#≈≈§≈≈≈≈..§#
∩Pa+..#+ #+#≈##.#.##≈≈≈§≈≈≈≈.≈#
)..#(##. #≈≈##'##≈≈≈§§≈§§≈≈≈#
$$.###§. ##≈≈≈≈≈≈≈≈≈≈≈≈≈≈≈≈≈#
#+###.§§ #+++#+++#≈§≈≈≈≈≈≈≈#


You could see Kirke, a kobold demonologist and 3 harpies.

Vanquished Creatures
  4 neqoxecs (D)
  Menkaure (D)
  4 necrophages (D)
  4 worker ants (D)
  3 worms (D)
16 creatures vanquished.

Vanquished Creatures (others)
  A yaktaur captain (D)
1 creature vanquished.

Grand Total: 17 creatures vanquished

Notes
Turn   | Place    | Note
-------+----------+-------------------------------------------
     0 | D        | Dancorps13 the Minotaur Fighter began the quest for the Orb.
     0 | D        | Reached XP level 1. HP: 19/19 MP: 0/0
     1 | D        | Noticed a necrophage
     1 | D        | Noticed a necrophage
     1 | D        | Noticed a necrophage
     1 | D        | Noticed a necrophage
     8 | D        | Killed a necrophage
     8 | D        | Reached skill level 5 in Axes
     8 | D        | Reached XP level 2. HP: 16/30 MP: 1/1
     8 | D        | Reached XP level 3. HP: 20/37 MP: 2/2
     8 | D        | Reached XP level 4. HP: 24/44 MP: 3/3
    13 | D        | Killed a necrophage
    13 | D        | Reached XP level 5. HP: 27/51 MP: 4/4
    18 | D        | Killed a necrophage
    20 | D        | Killed a necrophage
    20 | D        | Reached XP level 6. HP: 21/60 MP: 5/5
   247 | D        | Noticed a neqoxec
   247 | D        | Noticed a neqoxec
   247 | D        | Noticed a neqoxec
   247 | D        | Noticed a neqoxec
   249 | D        | Gained mutation: Your spells are a little easier to cast, but a little less powerful. [a neqoxec]
   251 | D        | Gained mutation: Your flesh is heat resistant. (rF+) [a neqoxec]
   256 | D        | Killed a neqoxec
   262 | D        | Killed a neqoxec
   262 | D        | Reached skill level 10 in Fighting
   262 | D        | Reached skill level 10 in Armour
   262 | D        | Reached skill level 10 in Shields
   262 | D        | Reached XP level 7. HP: 48/70 MP: 6/6
   266 | D        | Killed a neqoxec
   266 | D        | Reached skill level 10 in Axes
   274 | D        | Killed a neqoxec
   424 | D        | Noticed an ice statue
   427 | D        | Found Zisedato's Jewellery Emporium.
   429 | D        | Found Xioch's Food Shoppe.
   430 | D        | Found Falliep's Book Emporium.
   431 | D        | Found Watalel's Distillery.
   432 | D        | Found Jial's Antique Armour Shoppe.
   432 | D        | Found Giypnebb's Distillery.
   432 | D        | Found Ofaekh's Armour Emporium.
   433 | D        | Found Jiatiece's Book Shoppe.
   433 | D        | Found Hefalita's Antique Armour Emporium.
   433 | D        | Found Doockosi's Jewellery Emporium.
   433 | D        | Noticed a hippogriff
   434 | D        | Found Nexziss's Jewellery Shoppe.
   436 | D        | Noticed Menkaure
   436 | D        | Noticed a hippogriff
   469 | D        | Killed Menkaure
   469 | D        | Reached XP level 8. HP: 72/80 MP: 7/7
   484 | D        | Noticed Roxanne
   500 | D        | Found Requbilo's Antique Weapon Shoppe.
   500 | D        | Found Buakiav's Magic Scroll Emporium.
   500 | D        | Noticed a hippogriff
   500 | D        | Noticed an oklob plant
   501 | D        | Found Huligaoc's Jewellery Shoppe.
   501 | D        | Found Bemen's Gadget Emporium.
   501 | D        | Found Dirchuci's Book Shoppe.
   505 | D        | Noticed a slime creature
   508 | D        | Noticed a slime creature
   509 | D        | Noticed a slime creature
   519 | D        | Bought a +4 amulet of reflection for 270 gold pieces
   545 | D        | Noticed an elephant
   545 | D        | Noticed a centaur warrior
   545 | D        | Noticed Kirke
   545 | D        | Noticed a skeletal warrior
   545 | D        | Noticed a kobold demonologist
   545 | D        | Noticed a yaktaur captain
   549 | D        | Noticed a smoke demon
   554 | D        | Noticed a sun demon
   562 | D        | Killed a yaktaur captain
   576 | D        | Noticed a harpy
   576 | D        | Noticed a harpy
   576 | D        | Noticed a harpy
   578 | D        | Mangled by a harpy

Vault maps used:
D:        the_violet_keep_of_menkaure

Skill      XL: |  1  2  3  4  5  6  7  8 |
---------------+-------------------------+-----
Fighting       | 6 7 8 10 11 12 | 12.1
Axes           | 5 6 8 9 10 11 | 11.8
Armour         | 6 7 8 10 11 12 | 12.1
Shields        | 6 7 8 10 11 12 | 12.1

Action                   |  1- 3 |  4- 6 |  7- 9 || total
-------------------------+-------+-------+-------++-------
Melee: War axe           |     5 |    31 |    50 ||    86
       Headbutt          |     2 |     9 |     8 ||    19
Armor: Scale mail        |     1 |     6 |    10 ||    17
Dodge: Dodged            |     1 |     6 |    18 ||    25
Block: Shield            |     2 |    10 |    38 ||    50
       Reflection        |       |       |     4 ||     4

Table legend:
 A = Spawn XP
 B = Non-spawn XP
 C = Spawn XP percentage of total XP
 D = Spawn monster count
 E = Non-spawn monster count
 F = Spawn count percentage of total count
 G = Total turns spent on level
                    A         B        C        D         E        F      G
               +---------+---------+-------+---------+---------+-------+---------
         Total |       0 |    2482 |   0.0 |       0 |      17 |   0.0 |   578
               +---------+---------+-------+---------+---------+-------+---------
             D |       0 |    2482 |   0.0 |       0 |      17 |   0.0 |   578
               +---------+---------+-------+---------+---------+-------+---------
